 Dungeon Crawl Stone Soup version 0.22-a0-32-ga749362 (webtiles) character file.

2 mopl the Vexing (level 1, 0/13 HPs)
             Began as a Formicid Enchanter on Jan 3, 2018.
             Slain by a leopard gecko (4 damage)
             ... on level 1 of the Dungeon.
             The game lasted 00:00:17 (37 turns).

mopl the Vexing (Formicid Enchanter)                  Turns: 37, Time: 00:00:18

Health: 0/13       AC:  2    Str: 12    XL:     1   Next: 33%
Magic:  2/3        EV: 12    Int: 14    God:
Gold:   0          SH:  0    Dex: 11    Spells: 3/4 levels left

rFire    . . .     SeeInvis +   a - +1 dagger
rCold    . . .     Gourm    .   (no shield)
rNeg     . . .     Faith    .   b - +0 robe
rPois    .         Spirit   .   (helmet unavailable)
rElec    .         Reflect  .   (no cloak)
rCorr    .         Harm     .   (no gloves)
MR       .....                  (no boots)
Stlth    ++........             (no amulet)
HPRegen  0.04/turn              (no ring)
MPRegen  0.08/turn              (no ring)

@: no status effects
A: permanent stasis, dig shafts and tunnels, four strong arms, antennae 3
a: Dig, Shaft Self


You were on level 1 of the Dungeon.
You were not hungry.

You visited 1 branch of the dungeon, and saw 1 of its levels.

Inventory:

Hand Weapons
 a - a +1 dagger (weapon)
Armour
 b - a +0 robe (worn)
Books
 c - a book of Maledictions

   Spells                             Type                      Level
   a - Corona                         Hexes                        1
   b - Ensorcelled Hibernation        Hexes/Ice                    2
   c - Confuse                        Hexes                        3
   d - Tukima's Dance                 Hexes                        3
   e - Dazzling Spray                 Conjuration/Hexes            3
Comestibles
 d - a ration


   Skills:
 + Level 1.0 Short Blades
 - Level 1.7 Dodging
 + Level 3.6 Stealth
 + Level 2.2 Spellcasting
 + Level 3.6 Hexes


You had 3 spell levels left.
You knew the following spells:

 Your Spells              Type           Power        Failure   Level  Hunger
a - Corona                Hex            ##.....      4%          1    #......


Dungeon Overview and Level Annotations

Branches:
Dungeon (1/15)

Altars:


Innate Abilities, Weirdness & Mutations

You cannot be hasted, slowed, berserked, paralysed or teleported.
You can dig through walls and to a lower floor.
Your four strong arms can wield two-handed weapons with a shield.
You have a pair of large antennae on your head. (SInv)


Message History

The kobold throws a stone.
The stone misses you.
Found a whip.
You hit the kobold but do no damage. The kobold hits you with a dagger.
You hit the kobold.
The kobold is severely wounded.
The bat hits you but does no damage. The kobold barely misses you.
The leopard gecko closely misses you.
You hit the kobold but do no damage.
The kobold is severely wounded.
The kobold hits you with a dagger. The leopard gecko bites you.
You barely miss the kobold.
The kobold is severely wounded.
The bat hits you but does no damage. The kobold hits you with a dagger.
The leopard gecko completely misses you.
You hit the kobold.
You kill the kobold!
The leopard gecko barely misses you. The bat hits you. The bat hits you.
The bat misses you. The leopard gecko bites you.
You die...

#....#....#♣♣♣♣.....#
.#...#.........#♣......♣♣#
..... ....)..#.#....####
.....##......#......#
....... #... #.#....#
.......###.###.##♣♣♣#
.........#......#
........l((.#....#
......).b@..+........
.......##...#######.#
......) #..(# # .......
#..... ....... ##...$#
....... #....# .......
....... ....... #.....


You could see a leopard gecko and a bat.

Vanquished Creatures
  A bat (D:1)
  A kobold (D:1)
  A rat (D:1)
3 creatures vanquished.

Notes
Turn   | Place    | Note
-------+----------+-------------------------------------------
     0 | D:1      | mopl the Formicid Enchanter began the quest for the Orb.
     0 | D:1      | Reached XP level 1. HP: 13/13 MP: 3/3
    37 | D:1      | Slain by a leopard gecko

Vault maps used:
D:1:      sevenhm_arrival_forest_fort_small_5

Action                   || total
-------------------------++-------
Melee: Dagger            ||     7
 Cast: Corona            ||     1
 Stab: Sleeping          ||     2
Armor: Robe              ||     3
Dodge: Dodged            ||     7

Table legend:
 A = Spawn XP
 B = Non-spawn XP
 C = Spawn XP percentage of total XP
 D = Spawn monster count
 E = Non-spawn monster count
 F = Spawn count percentage of total count
 G = Total turns spent on level
                    A         B        C        D         E        F      G
               +---------+---------+-------+---------+---------+-------+---------
         Total |       0 |       3 |   0.0 |       0 |       3 |   0.0 |    37
               +---------+---------+-------+---------+---------+-------+---------
           D:1 |       0 |       3 |   0.0 |       0 |       3 |   0.0 |    37
               +---------+---------+-------+---------+---------+-------+---------
